Match 44623863
Unlisted

Match 44623863
End
Kradschützen Motorcycle Team
Selects Armored Support Battlegroup
Panzergrenadier Squad
Panzergrenadier Squad
Construct Light Support Kompanie
Selects Superior Fire Drills
Assault Grenadier Squad
2.5-tonne Medical Truck
Fire Support Elements
Panzerjäger Mechanized Group
Flakvierling Half-track
Pak 38 Anti-tank Gun Team
Construct Panzerarmee Kommand
Selects Flammpanzer III Medium Tank
Panzer III L Medium Tank
Selects Salvage Kits
Panzer III L Medium Tank
Selects Panzer Storm
Assault Mechanized Group
Walking Stuka Rocket Launcher
Selects Stuka Anti-tank Loiter
Armored Reserves
Stuka Anti-tank Loiter
Tiger Heavy Tank
Selects Command Panzer IV F Medium Tank
Panzerpioneer Squad
Stuka Anti-tank Loiter
Vehicle Survival Package
MG34 Team
Emergency Repair Kits
Pak 38 Anti-tank Gun Team
AI Takeover
盗号的你妈死了?
^3
0
0

Comments sign in to comment!

No comments posted yet!